 Dungeon Crawl Stone Soup version 0.23-a0-13-gb09bef45d9 (webtiles) character file.

85 LLavrengius the Charmwright (level 4, -3/33 HPs)
             Began as a Vampire Skald on Aug 2, 2018.
             Slain by a gnoll (5 damage)
             ... on level 2 of the Dungeon.
             The game lasted 00:06:06 (1101 turns).

LLavrengius the Charmwright (Vampire Skald)         Turns: 1101, Time: 00:06:06

Health: -3/33      AC:  4    Str: 11    XL:     4   Next: 25%
Magic:  7/7        EV: 12    Int: 15    God:
Gold:   54         SH:  0    Dex: 13    Spells: 3/7 levels left

rFire    . . .     SeeInvis +   a - +0 hand axe
rCold    + . .     Gourm    .   (no shield)
rNeg     + + .     Faith    .   b - +0 leather armour
rPois    +         Spirit   .   m - +1 hat
rElec    .         Reflect  .   (no cloak)
rCorr    .         Harm     .   (no gloves)
MR       .....                  (no boots)
Stlth    ++........             (no amulet)
HPRegen  0.05/turn              k - ring of poison resistance
MPRegen  0.10/turn              (no ring)

@: regenerating slowly
A: fangs 3, see invisible, unbreathing
a: Bat Form


You were on level 2 of the Dungeon.
You were thirsty.

You visited 1 branch of the dungeon, and saw 2 of its levels.

You collected 54 gold pieces.

Inventory:

Hand Weapons
 a - a +0 hand axe (weapon)
Armour
 b - a +0 leather armour (worn)
 m - a +1 hat (worn)
Jewellery
 e - an uncursed amulet of the acrobat {unknown}
 k - a ring of poison resistance (left hand)
Scrolls
 c - a scroll of remove curse {unknown}
 g - a scroll of noise {unknown}
 h - a scroll of enchant weapon {unknown}
 n - a scroll of teleportation {unknown}
 o - a scroll of identify {unknown}
Potions
 d - 5 potions of blood
 f - a potion of heal wounds {unknown}
 i - a potion of haste {unknown}
 j - a potion of curing {unknown}
 l - a potion of might {unknown}


   Skills:
 + Level 2.1 Fighting
 + Level 2.5 Axes
 - Level 1.1 Armour
 + Level 2.5 Dodging
 - Level 2.1 Spellcasting
 + Level 4.2 Charms
 + Level 0.4 Necromancy


You had 3 spell levels left.
You knew the following spells:

 Your Spells              Type           Power        Failure   Level  Hunger
a - Infusion              Chrm           ##..         4%          1    #......
b - Regeneration          Chrm/Necr      #.........   32%         3    ###....

Your spell library contained the following spells:

 Spells                   Type           Power        Failure   Level  Hunger
 Shroud of Golubria       Chrm/Tloc      #.........   19%         2    ###....
 Song of Slaying          Chrm           ##......     8%          2    ###....
 Spectral Weapon          Hex/Chrm       #.......     34%         3    ###....


Dungeon Overview and Level Annotations

Branches:
Dungeon (2/15)

Altars:
Dithmenos


Innate Abilities, Weirdness & Mutations

You heal slowly.
You have razor-sharp teeth.
You have supernaturally acute eyesight. (SInv)
You can survive without breathing.


Message History

The gnoll is heavily wounded.
You closely miss the gnoll. The gnoll hits you. The gnoll closely misses you.
You barely miss the gnoll.
The gnoll is heavily wounded.
You barely miss the gnoll. The gnoll hits you but does no damage.
The gnoll closely misses you.
You hit the gnoll.
You kill the gnoll!
You hit the gnoll. The gnoll barely misses you.
You see here a gnoll corpse.
You closely miss the gnoll.
The gnoll is severely wounded.
The gnoll hits you.
* * * LOW HITPOINT WARNING * * *
The gnoll hits you.
* * * LOW HITPOINT WARNING * * *
You closely miss the gnoll.
The gnoll is severely wounded.
The gnoll hits you.
You die...

#..###♣§.♣P♣..♣...PP♣..♣♣♣..♣
###+#..###.PP≈...♣....♣..PP♣..♣..
....%.....§.♣.♣♣.♣.♣..♣P♣..♣.♣P♣♣
..........#..§.♣.♣.♣.♣♣♣P.♣♣.P.8P
..........#...♣..♣.♣♣..PPP.♣.....
.............♣♣.♣P...P♣.P♣...8.⌠.
###+#+#+###..♣.♣...♣♣..♣..P......
♣(P.♣###.♣.♣.♣..♣♣P.P8.
#...♣##@##.....♣.P♣♣♣.P♣
#..P#+.g.'#..♣....♣..♣..
....♣.##.##♣.P♣♣♣..♣P♣.♣♣
##.♣..PP### ♣.♣♣♣♣.♣♣♣♣...
#.♣.P.♣ ♣.♣♣.PP§..♣.PP♣♣ .....♣♣
........♣♣P##.♣♣ # #
.....#.....##.#. ##########.##.#.
#### #.#.>#.


You could see a gnoll.

Vanquished Creatures
  A crimson imp (D:2)
  A gnoll (D:2)
  An adder (D:2)
  An ooze (D:2)
  A dart slug (D:1)
  A leopard gecko (D:2)
  A giant cockroach (D:2)
  A goblin (D:2)
  3 hobgoblins (D:1)
  5 quokkas (D:2)
  3 bats
  4 frilled lizards
  2 kobolds (D:1)
  2 rats
27 creatures vanquished.

Notes
Turn   | Place    | Note
-------+----------+-------------------------------------------
     0 | D:1      | LLavrengius the Vampire Skald began the quest for the Orb.
     0 | D:1      | Reached XP level 1. HP: 16/16 MP: 3/3
   191 | D:1      | Reached XP level 2. HP: 22/22 MP: 5/5
   438 | D:2      | Found a shadowy altar of Dithmenos.
   575 | D:2      | Noticed a crimson imp
   601 | D:2      | Killed a crimson imp
   601 | D:2      | Reached skill level 1 in Armour
   601 | D:2      | Reached skill level 4 in Charms
   601 | D:2      | Reached XP level 3. HP: 17/27 MP: 6/6
   859 | D:2      | Learned a level 3 spell: Regeneration
   956 | D:2      | Reached XP level 4. HP: 25/33 MP: 7/7
  1101 | D:2      | Slain by a gnoll

Vault maps used:
D:1:      eino_arrival_water_star, roderic_roman_lattice
D:2:      wad_woods_tower, lemuel_zombie_altar_yredelemnul,
          grunt_dithmenos_smoke, first_ration, glass_columns_b

Skill      XL: |  1  2 |
---------------+-------+-----
Axes           | 2 |  2.5
Fighting       | 2 |  2.1
Armour         | 1 |  1.1
Charms         | 4 |  4.2
Dodging        | |  2.5
Spellcasting   | |  2.1
Necromancy     | |  0.4

Action                   |  1- 3 |  4- 6 || total
-------------------------+-------+-------++-------
Melee: Hand axe          |    76 |    11 ||    87
       Bite              |     7 |     1 ||     8
 Stab: Sleeping          |       |     2 ||     2
Armor: Leather armour    |    23 |     1 ||    24
Dodge: Dodged            |    53 |    10 ||    63

Table legend:
 A = Spawn XP
 B = Non-spawn XP
 C = Spawn XP percentage of total XP
 D = Spawn monster count
 E = Non-spawn monster count
 F = Spawn count percentage of total count
 G = Total turns spent on level
                    A         B        C        D         E        F      G
               +---------+---------+-------+---------+---------+-------+---------
         Total |       0 |     122 |   0.0 |       0 |      27 |   0.0 |  1101
               +---------+---------+-------+---------+---------+-------+---------
           D:1 |       0 |      17 |   0.0 |       0 |      10 |   0.0 |   435
           D:2 |       0 |     105 |   0.0 |       0 |      17 |   0.0 |   666
               +---------+---------+-------+---------+---------+-------+---------
